 Dungeon Crawl Stone Soup version 0.30-a0-629-gd54f4be4f7 (webtiles) character file.

Game seed: 14241006795803171785

156 Mitcholas the Shooter (level 5, -4/30 HPs)
             Began as a Deep Elf Hunter on Jan 12, 2023.
             Slain by Sigmund
             ... wielding a +0 scythe
              (10 damage)
             ... on level 3 of the Dungeon.
             The game lasted 00:06:07 (1975 turns).

Mitcholas the Shooter (Deep Elf Hunter)             Turns: 1975, Time: 00:06:08

Health: -4/30      AC:  4    Str:  8    XL:     5   Next: 15%
Magic:  7/7        EV: 13    Int: 14    God:
Gold:   157        SH:  0    Dex: 20    Spells: 4/4 levels left

rFire   . . .      SeeInvis .    a - +0 shortbow
rCold   . . .      Faith    .    (shield currently unavailable)
rNeg    . . .      Spirit   .    c - +0 leather armour
rPois   .          Reflect  .    (no helmet)
rElec   .          Harm     .    d - +0 cloak
rCorr   .          Rampage  .    (no gloves)
Will    .....                    (no boots)
Stlth   ++                       l - amulet of the acrobat
HPRegen 0.25/turn                (no ring)
MPRegen 0.10/turn                (no ring)

@: no status effects
A: no striking features
a: no special abilities


You were on level 3 of the Dungeon.
You visited 1 branch of the dungeon, and saw 3 of its levels.

You collected 157 gold pieces.

Inventory:

Hand Weapons
 a - a +0 shortbow (weapon)
Armour
 c - a +0 leather armour (worn)
 d - a +0 cloak (worn)
Jewellery
 l - an amulet of the acrobat (around neck)
Scrolls
 b - a scroll of immolation
 e - 3 scrolls of teleportation {unknown}
 f - 5 scrolls of identify {unknown}
 h - 2 scrolls of fear {unknown}
 k - a scroll of butterflies {unknown}
 n - 3 scrolls of vulnerability {unknown}
Potions
 g - 2 potions of berserk rage {unknown}
 i - a potion of magic {unknown}
 j - a potion of heal wounds {unknown}
 m - a potion of mutation {unknown}
 o - a potion of degeneration {unknown}
 p - a potion of haste {unknown}
 q - a potion of brilliance {unknown}


   Skills:
 + Level 2.2 Fighting
 * Level 6.6 Ranged Weapons
 + Level 1.3 Armour
 + Level 3.4 Dodging
 + Level 2.7 Stealth


You had 4 spell levels left.
You didn't know any spells.
Your spell library contained the following spells:

 Spells                   Type           Power      Damage    Failure   Level
 Freeze                   Ice            0%         1d3       38%         1
 Kiss of Death            Conj/Necr      0%         2d5       38%         1
 Confusing Touch          Hex            0%         N/A       77%         3
 Frozen Ramparts          Ice            0%         1d1       77%         3
 Hailstorm                Conj/Ice       0%         3d3       77%         3
 Dispel Undead            Necr           0%         3d6       99%         4


Dungeon Overview and Level Annotations

Branches:
Dungeon (3/15)

Altars:

Annotations:
D:3 Sigmund


Message History

The magic dart hits you.
You shoot an arrow. The arrow hits Sigmund!
Sigmund is severely wounded.
Sigmund gestures at you while chanting. The magic dart hits you!
You shoot an arrow. The arrow hits Sigmund.
Sigmund is almost dead.
Sigmund casts a spell at you. The magic dart hits you!
* * * LOW HITPOINT WARNING * * *
Sigmund mumbles some strange words.
Sigmund flickers and vanishes!
Deactivating autopickup; reactivate with Ctrl-A.
You are too injured to fight recklessly!
You are too injured to fight recklessly!
You are too injured to fight recklessly!
You are too injured to fight recklessly!
You are too injured to fight recklessly!
You are too injured to fight recklessly!
You are too injured to fight recklessly!
You are too injured to fight recklessly!
You are too injured to fight recklessly!
You are too injured to fight recklessly!
You are too injured to fight recklessly!
You are too injured to fight recklessly!
You are too injured to fight recklessly!
You are too injured to fight recklessly!
You are too injured to fight recklessly!
You are too injured to fight recklessly!
You are too injured to fight recklessly!
You are too injured to fight recklessly!
You are too injured to fight recklessly!
You are too injured to fight recklessly!
You are too injured to fight recklessly!
You are too injured to fight recklessly!
Fire: a) +0 shortbow
Press: ? - help, Q - select action Shift-Dir - straight line You shoot an arrow.
Something hits you!
You die...

#####
############...#
..)..........#.###
...#####...(.....#
...# #.####.##.#
...# #.# #.##.#
...# #.# #.##.#
#### #.# #.##@#
#.# #.##.# #.#
#.##{# #.# #. #.#
#.# .@......#
###...### ##.# #.


There were no monsters in sight!

Vanquished Creatures
  Terence (D:3)
  3 gnolls (D:2)
  4 adders
  3 ball pythons
  10 endoplasms
  2 giant cockroaches
  2 goblins
  6 hobgoblins
  4 jackals (D:1)
  10 kobolds
  2 quokkas
  9 bats
  5 frilled lizards
  3 rats
64 creatures vanquished.

Notes
Turn   | Place    | Note
-------+----------+-------------------------------------------
     0 | D:1      | Mitcholas the Deep Elf Hunter began the quest for the Orb.
     0 | D:1      | Reached XP level 1. HP: 12/12 MP: 3/3
   272 | D:1      | Reached XP level 2. HP: 17/17 MP: 4/4
   555 | D:1      | Reached XP level 3. HP: 21/21 MP: 5/5
   896 | D:2      | Reached skill level 6 in Ranged Weapons
  1045 | D:2      | Reached skill level 1 in Armour
  1054 | D:2      | Reached XP level 4. HP: 14/26 MP: 6/6
  1670 | D:3      | Noticed Terence
  1680 | D:3      | Killed Terence
  1681 | D:3      | Reached XP level 5. HP: 29/30 MP: 7/7
  1961 | D:3      | Noticed Sigmund
  1975 | D:3      | Slain by Sigmund

Illustrated notes

Levels and vault maps discovered:
D:1:      amcnicky_arrival_wind_blow, layout_basic, kennysheep_flooded_box
D:2:      layout_loops_cross
D:3:      layout_loops_ring, nicolae_wu_jian_wuxing_cycle, uniq_terence,
          uniq_sigmund

Skill      XL: |  1  2  3 |
---------------+----------+-----
Stealth        | 2 |  2.7
Fighting       | 2 |  2.2
Ranged Weapons | 6 |  6.6
Dodging        | 3 |  3.4
Armour         | 1 |  1.3

Action                   |  1- 3 |  4- 6 || total
-------------------------+-------+-------++-------
 Fire: Shortbow          |   144 |    74 ||   218
Armor: Leather armour    |    30 |     5 ||    35
Dodge: Dodged            |    51 |    27 ||    78

Table legend: (Time is in decaauts)
 A = Elapsed time spent in this place.
 B = Non-inter-level travel time spent in this place.
 C = Inter-level travel time spent in this place.
 D = Time resting spent in this place.
 E = Time spent auto-exploring this place.
 F = Levels seen in this place.
 G = Mean time per level.
                   A        B        C        D        E       F      G
               +--------+--------+--------+--------+--------+-----+--------+
         Total |   2030 |   2002 |     28 |     90 |   1473 |   3 |  676.7 |
       Dungeon |   2030 |   2002 |     28 |     90 |   1473 |   3 |  676.7 |
               +--------+--------+--------+--------+--------+-----+--------+

Top non-repeatable levels by time:
     D:1: 859 daAuts
     D:2: 727 daAuts
     D:3: 442 daAuts
